 Dungeon Crawl Stone Soup version 0.30-a0-568-g124715a40b (webtiles) character file.

Game seed: 18364663406160740830

77 brightshaft the Slasher (level 3, -1/29 HPs)
             Began as a Demigod Gladiator on Dec 28, 2022.
             Succumbed to a scorpion's poison
             ... on level 3 of the Dungeon.
             The game lasted 00:03:43 (1963 turns).

brightshaft the Slasher (Demigod Gladiator)         Turns: 1963, Time: 00:03:44

Health: -1/29      AC:  8    Str: 15    XL:     3   Next: 91%
Magic:  5/5        EV: 10    Int: 10    God:
Gold:   63         SH:  0    Dex: 19    Spells: 2/2 levels left

rFire   . . .      SeeInvis .    a - +0 long sword
rCold   . . .      Faith    .    (no shield)
rNeg    . . .      Spirit   .    o - +0 scale mail
rPois   .          Reflect  .    c - +1 helmet
rElec   .          Harm     .    (no cloak)
rCorr   .          Rampage  .    (no gloves)
Will    .....                    (no boots) Stlth
                                 (no amulet)
HPRegen 0.24/turn                (no ring)
MPRegen 0.09/turn                (no ring)

@: lethally poisoned (-1 -> -11)
A: high MP 1, forlorn, divine attributes
a: no special abilities


You were on level 3 of the Dungeon.
You visited 1 branch of the dungeon, and saw 3 of its levels.

You collected 63 gold pieces.

Inventory:

Hand Weapons
 a - a +0 long sword (weapon)
Missiles
 d - a throwing net (quivered)
 e - a javelin
Armour
 b - a +0 leather armour
 c - a +1 helmet (worn)
 o - a +0 scale mail (worn)
Scrolls
 i - a scroll of amnesia
 j - a scroll of identify {unknown}
 m - a scroll of poison {unknown}
 p - 2 scrolls of enchant weapon {unknown}
 q - a scroll of teleportation {unknown}
Potions
 f - 2 potions of curing {unknown}
 g - 2 potions of attraction {unknown}
 h - a potion of heal wounds {unknown}
 k - a potion of ambrosia {unknown}
 l - a potion of berserk rage {unknown}
 n - a potion of might {unknown}


   Skills:
 - Level 1.7 Fighting
 + Level 4.5 Long Blades
 - Level 1.7 Throwing
 - Level 2.6 Dodging


You had 2 spell levels left.
You didn't know any spells.
Your spell library was empty.

Dungeon Overview and Level Annotations

Branches:
Dungeon (3/15)

Shops:
D:2 [(?

Annotations:
D:3 1 transporter


Innate Abilities, Weirdness & Mutations

You have an increased reservoir of magic. (+10% MP)
You shall have no god before yourself.
Your divine heritage dramatically boosts your attributes as you level up.


Message History

You hit the scorpion but do no damage.
The scorpion is moderately wounded.
The scorpion stings you.
You are poisoned.
The scorpion poisons you!
You hit the scorpion but do no damage.
The scorpion is moderately wounded.
You feel sick. The scorpion stings you.
You closely miss the scorpion.
You punch the scorpion, but do no damage.
The scorpion is moderately wounded.
You feel sick.
The scorpion stings you but does no damage. x2
Throw: 2 throwing nets
Press: ? - help, Q - select action, (/) - cycle Shift-Dir - straight line, f/p - scorpion
Aim: a scorpion (moderately wounded, 60% to hit)
You throw a throwing net.
The throwing net barely misses the scorpion.
You feel sick.
The scorpion stings you but does no damage.
You hit the scorpion but do no damage.
The scorpion is moderately wounded.
You feel sick. The scorpion barely misses you.
You barely miss the scorpion.
The scorpion is moderately wounded.
You feel sick.
The scorpion stings you but does no damage.
The scorpion stings you.
* * * LOW HITPOINT WARNING * * *
You hit the scorpion.
The scorpion is moderately wounded.
You feel sick.
You are no longer poisoned.
The scorpion stings you.
* * * LOW HITPOINT WARNING * * *
You are lethally poisoned!
The scorpion poisons you!
You slash the scorpion!
The scorpion is severely wounded.
You die...

#.# #..#
... #...#
#. #..#
#...# #..#
. #...#
.######..#
..
.........#
...
#######..#
... #..# ..
#..########
#?.@s....©(
#..........
######.##.#
.. ##


You could see a scorpion.

Vanquished Creatures
  2 adders (D:2)
  3 worms (D:2)
  A dart slug (D:1)
  2 endoplasms
  4 giant cockroaches
  6 goblins
  5 hobgoblins
  3 kobolds
  2 quokkas
  5 ball pythons (D:1)
  4 bats
  A frilled lizard (D:1)
  6 rats
44 creatures vanquished.

Notes
Turn   | Place    | Note
-------+----------+-------------------------------------------
     0 | D:1      | brightshaft the Demigod Gladiator began the quest for the
                  | Orb.
     0 | D:1      | Reached XP level 1. HP: 17/17 MP: 3/3
    43 | D:1      | Reached skill level 3 in Long Blades
   144 | D:1      | Reached XP level 2. HP: 24/24 MP: 4/4
   757 | D:2      | Reached XP level 3. HP: 28/29 MP: 5/5
   892 | D:2      | Found Nihais's Antique Armour Shoppe.
   930 | D:2      | Reached skill level 4 in Long Blades
  1092 | D:2      | Found Axyi's Magic Scroll Shoppe.
  1324 | D:2      | Found Wamac's Antique Weapon Boutique.
  1947 | D:3      | Noticed a scorpion
  1948 | D:3      | Found a transporter.
  1963 | D:3      | Succumbed to a scorpion's poison

Illustrated notes

Levels and vault maps discovered:
D:1:      dpeg_arrival_water_temple_mockup, layout_basic, solitary_fountain,
          minmay_misc_feat_rugged, minmay_misc_feat_pillars, minmay_pentomino_u2
D:2:      layout_basic, serial_shops, shop_statue, shop, nicolae_square_shop
D:3:      layout_loops_corners, gammafunk_ghost_mausoleum

Skill      XL: |  1  2  3 |
---------------+----------+-----
Long Blades    | 3 4 |  4.5
Fighting       | |  1.7
Throwing       | |  1.7
Dodging        | |  2.6

Action                   || total
-------------------------++-------
Melee: Long sword        ||   135
       Punch             ||     1
Throw: Throwing net      ||     2
  Use: Scroll            ||     3
 Stab: Sleeping          ||     1
       Held in net/web   ||     3
Armor: Leather armour    ||    30
       Scale mail        ||    16
Dodge: Dodged            ||    68

Table legend: (Time is in decaauts)
 A = Elapsed time spent in this place.
 B = Non-inter-level travel time spent in this place.
 C = Inter-level travel time spent in this place.
 D = Time resting spent in this place.
 E = Time spent auto-exploring this place.
 F = Levels seen in this place.
 G = Mean time per level.
                   A        B        C        D        E       F      G
               +--------+--------+--------+--------+--------+-----+--------+
         Total |   1990 |   1966 |     24 |      0 |   1618 |   3 |  663.3 |
       Dungeon |   1990 |   1966 |     24 |      0 |   1618 |   3 |  663.3 |
               +--------+--------+--------+--------+--------+-----+--------+

Top non-repeatable levels by time:
     D:2: 958 daAuts
     D:1: 735 daAuts
     D:3: 296 daAuts
